Map: Cosmic Sapphire

Players

Maplez

  • Race: Protoss Protoss
  • League: Grandmaster
  • Spawn Location: 11:00

Ukko - Winner!

  • Race: Zerg Zerg
  • Spawn Location: 5:00

VOD

Have the link to the VOD?

Description

Time

  • Played on: Sept. 17, 2022, 6:41 p.m.
  • Length: 17:56
Show
View Real Time Build Order
Export as new Build Order

Maplez Protoss 

Build Orders: 1 Gate Expand, Oracle Opening 

Get SALT Encoding   

  12  0:00  Probe  
  13  0:12  Probe  
  14  0:20  Pylon  
  14  0:24  Probe  
  15  0:38  Probe (Chrono Boost)  
  16  0:43  Gateway  
  16  0:47  Probe (Chrono Boost)  
  17  0:52  Probe  
  18  0:57  Assimilator  
  18  1:04  Probe  
  19  1:16  Probe  
  20  1:28  Nexus  
  20  1:37  Cybernetics Core  
  20  1:40  Probe  
  21  1:48  Assimilator  
  21  1:52  Probe  
  22  1:55  Pylon  
  22  2:03  Adept  
  22  2:05  Probe (Chrono Boost)  
  25  2:17  Probe (Chrono Boost)  
  26  2:23  Probe (Chrono Boost)  
  26  2:24  Stargate  
  27  2:33  Probe (Chrono Boost)  
  27  2:34  Stalker  
  30  2:40  Probe (Chrono Boost)  
  32  2:47  Warp Gate  
  32  2:49  Probe x2 (Chrono Boost)  
  33  2:54  Probe (Chrono Boost)  
  33  2:56  Probe  
  37  3:06  Probe  
  37  3:08  Probe, Oracle (Chrono Boost)  
  40  3:17  Pylon  
  40  3:19  Probe  
  29  3:20  Probe, Adept  
  44  3:31  Probe  
  44  3:32  Probe  
  46  3:43  Probe  
  46  3:44  Probe  
  46  3:45  Nexus  
  46  3:47  Pylon, Oracle (Chrono Boost)  
  48  3:55  Probe  
  52  3:57  Probe  
  52  3:58  Pylon  
  52  3:59  Assimilator  
  52  4:02  Assimilator  
  53  4:07  Probe, Twilight Council  
  54  4:10  Probe  
  54  4:15  Pylon  
  55  4:19  Probe  
  55  4:24  Gateway  
  56  4:30  Probe  
  57  4:32  Probe  
  57  4:34  Gateway  
  57  4:36  Pylon  
  57  4:37  Oracle (Chrono Boost)  
  58  4:42  Probe  
  58  4:44  Probe  
  63  4:46  Blink (Chrono Boost)  
  63  4:54  Probe  
  63  4:56  Probe  
  63  4:59  Shield Battery  
  61  5:01  Probe  
  61  5:03  Stalker  
  61  5:06  Probe, Gateway  
  65  5:09  Forge  
  65  5:11  Probe  
  65  5:13  Probe  
  67  5:19  Probe  
  67  5:21  Stalker, Pylon  
  70  5:23  Probe  
  70  5:25  Probe  
  70  5:27  Shield Battery  
  72  5:31  Probe  
  72  5:32  Stalker  
  72  5:33  Stalker  
  72  5:34  Protoss Ground Weapons Level 1  
  72  5:35  Probe  
  78  5:37  Probe  
  79  5:43  Probe  
  79  5:47  Probe, Gateway  
  81  5:52  Gateway  
  81  5:55  Gateway  
  81  5:57  Gateway  
  81  6:02  Stalker x2  
  85  6:10  Assimilator  
  85  6:13  Stalker x2  
  85  6:17  Pylon  
  89  6:24  Nexus  
  89  6:25  Charge (Chrono Boost)  
  89  6:29  Templar Archives  
  89  6:33  Probe  
  89  6:34  Probe x2  
  92  6:42  Zealot x2  
  92  6:43  Photon Cannon  
  92  6:45  Stalker x2, Shield Battery  
  92  6:46  Stalker  
  102  6:50  Assimilator  
  102  6:53  Probe  
  102  6:54  Probe, Psionic Storm  
  104  7:01  Robotics Facility  
  104  7:05  Pylon  
  104  7:06  Probe  
  105  7:12  Probe  
  104  7:15  Probe  
  104  7:18  Zealot x3  
  104  7:19  Probe, Zealot x2  
  115  7:23  Zealot x3  
  121  7:40  High Templar x4  
  123  7:44  Shield Battery  
  123  7:47  Shield Battery  
  123  7:53  High Templar x2  
  123  7:54  High Templar  
  123  7:57  Probe x4, Assimilator  
  133  8:01  Archon, Assimilator  
  133  8:03  Stalker  
  135  8:08  Photon Cannon  
  135  8:09  Probe x2  
  124  8:21  Zealot x4  
  124  8:26  Zealot x4  
  123  8:27  Archon  
  123  8:28  Archon  
  111  8:34  Probe x2  
  111  8:36  Shield Battery  
  111  8:38  Shield Battery  
  111  8:40  Shield Battery  
  113  8:42  Zealot x2  
  113  8:43  Zealot x2  
  113  8:46  Probe x3  
  113  8:47  High Templar  
  113  8:48  High Templar x3  
  132  8:50  Pylon  
  132  8:52  Probe  
  133  8:57  Pylon  
  133  8:58  Probe  
  133  8:59  Pylon  
  134  9:08  Zealot x4  
  128  9:23  Stalker x4  
  119  9:29  Zealot x4  
  125  9:36  Probe x2 (Chrono Boost)  
  125  9:37  Probe (Chrono Boost)  
  119  9:41  Probe (Chrono Boost)  
  119  9:43  Photon Cannon  
  119  9:44  Shield Battery  
  121  9:46  Probe x2 (Chrono Boost), Shield Battery  
  121  9:47  High Templar x2  
  121  9:48  Pylon, High Templar x2  
  121  9:49  Probe (Chrono Boost)  
  121  9:50  Probe (Chrono Boost), Pylon  
  121  9:51  Probe x2 (Chrono Boost)  
  121  9:52  Archon x2  
  131  9:59  Probe  
  134  10:00  Probe  
  134  10:03  Probe  
  130  10:10  Archon  
  130  10:12  Zealot x3  
  130  10:13  Zealot  
  126  10:24  High Templar x4  
  130  10:36  Nexus  
  130  10:38  Assimilator  
  130  10:40  Protoss Ground Weapons Level 2 (Chrono Boost), Zealot x3, Assimilator  
  130  10:42  Pylon  
  130  10:45  Zealot  
  130  10:47  Photon Cannon  
  130  10:48  Zealot x4  
  140  10:54  Shield Battery  
  140  10:55  Shield Battery  
  140  10:58  Shield Battery  
  140  11:04  Stalker x3  
  144  11:13  Immortal (Chrono Boost)  
  144  11:17  Robotics Facility  
  148  11:19  Forge  
  148  11:21  Pylon  
  148  11:23  High Templar  
  148  11:25  Photon Cannon  
  142  11:26  Photon Cannon, High Templar x4  
  142  11:27  Sentry  
  142  11:30  Archon  
  142  11:31  Archon  
  152  11:34  Zealot x2  
  152  11:36  Shield Battery  
  152  11:37  Shield Battery  
  152  11:38  Photon Cannon  
  155  11:40  Pylon  
  155  11:42  Photon Cannon  
  155  11:43  Shield Battery  
  155  11:45  Shield Battery  
  152  11:54  Probe  
  151  11:55  Probe x3  
  151  11:56  Probe, Immortal (Chrono Boost)  
  151  11:58  Pylon  
  152  12:04  Photon Cannon, Immortal (Chrono Boost)  
  152  12:06  Probe, Pylon  
  152  12:07  Probe x3  
  160  12:10  High Templar x8  
  160  12:13  Probe  
  177  12:16  Archon x4  
  177  12:18  Probe  
  177  12:19  Probe  
  177  12:20  Photon Cannon  
  177  12:21  Photon Cannon  
  179  12:24  Photon Cannon  
  179  12:25  Shield Battery  
  175  12:44  Protoss Shields Level 1 (Chrono Boost)  
  175  12:46  Zealot x5  
  175  12:47  Zealot x2  
  189  12:58  Stalker  
  191  13:05  Protoss Ground Weapons Level 3 (Chrono Boost)  
  187  13:07  Probe x4  
  187  13:08  Probe  
  187  13:11  Warp Prism (Chrono Boost)  
  187  13:12  Immortal (Chrono Boost)  
  192  13:19  Probe  
  199  13:37  Photon Cannon  
  199  13:40  Photon Cannon  
  197  13:45  Zealot x6  
  197  13:59  Zealot  
  197  14:00  Unknown  
  197  14:02  Pylon, Nexus  
  183  14:30  Stargate  
  183  14:32  Stargate  
  183  14:34  Immortal x2  
  183  14:36  Cybernetics Core, Fleet Beacon  
  191  14:41  Protoss Air Weapons Level 1 (Chrono Boost)  
  191  14:45  Protoss Shields Level 2 (Chrono Boost)  
  190  14:49  Zealot x4, Nexus  
  190  14:50  Pylon, Zealot  
  196  15:09  Photon Cannon  
  196  15:10  Pylon  
  170  15:15  Zealot x2  
  170  15:16  Zealot x4  
  170  15:20  Zealot x2  
  146  15:21  Carrier (Chrono Boost)  
  146  15:22  Carrier x2 (Chrono Boost), Immortal x2 (Chrono Boost)  
  156  15:41  Zealot x2  
  156  15:42  Zealot x5  
  158  15:55  Zealot  
  152  16:00  Immortal  
  152  16:03  Zealot  
  152  16:04  Zealot x3  
  120  16:23  Zealot x2  
  120  16:24  Zealot x3  
  127  16:48  High Templar x4  
  127  16:53  Archon x2  
  135  16:56  High Templar x3  
  141  17:06  Pylon  
  137  17:18  Observer  
  138  17:28  Zealot x5  
  112  17:46  Zealot x2  
  112  17:47  Zealot  
Show
View Real Time Build Order
Export as new Build Order

Ukko Zerg - Winner!

Build Orders: Hatch First, Lurkers 

Get SALT Encoding   

  12  0:00  Drone  
  13  0:12  Overlord  
  13  0:16  Drone  
  14  0:30  Drone x2  
  16  0:47  Hatchery  
  15  0:50  Drone  
  15  0:54  Drone  
  17  0:57  Drone  
  18  1:08  Extractor  
  17  1:13  Spawning Pool  
  17  1:17  Drone  
  17  1:21  Drone  
  18  1:28  Drone  
  19  1:39  Drone  
  20  1:53  Overlord  
  20  1:59  Queen x2  
  20  2:00  Zergling x4  
  26  2:10  Drone x2  
  26  2:13  Metabolic Boost  
  28  2:21  Drone x2  
  30  2:37  Hatchery  
  30  2:41  Drone x2  
  31  2:48  Queen  
  33  2:53  Overlord  
  33  2:55  Drone  
  34  2:59  Spore Crawler  
  36  3:05  Drone x2  
  36  3:08  Overlord  
  36  3:10  Queen  
  38  3:13  Drone  
  38  3:16  Drone  
  38  3:18  Drone  
  41  3:24  Drone x3  
  44  3:30  Drone  
  44  3:32  Drone x2  
  47  3:36  Overlord  
  47  3:38  Queen  
  49  3:43  Drone  
  50  3:49  Spore Crawler  
  50  3:51  Drone  
  50  3:52  Queen  
  50  3:54  Overlord x2  
  52  3:57  Spore Crawler  
  52  3:58  Drone  
  52  4:00  Drone  
  53  4:03  Drone x2  
  53  4:05  Drone  
  53  4:09  Zergling x4  
  58  4:14  Spore Crawler  
  57  4:17  Drone x4  
  61  4:27  Zergling x2  
  61  4:32  Drone x6  
  67  4:44  Spore Crawler  
  60  4:54  Drone x9  
  69  5:05  Drone x2  
  69  5:06  Drone  
  72  5:07  Lair  
  72  5:12  Extractor  
  71  5:14  Drone x3  
  71  5:20  Overlord x2  
  74  5:21  Extractor  
  74  5:24  Extractor, Baneling Nest  
  74  5:26  Hatchery  
  69  5:31  Hatchery  
  69  5:32  Evolution Chamber  
  69  5:34  Evolution Chamber, Drone x2  
  69  5:35  Drone x2  
  69  5:39  Drone x3  
  69  5:42  Drone x2  
  75  5:48  Drone x5  
  80  5:56  Drone x5  
  83  6:04  Zerg Ground Armor Level 1, Zerg Melee Weapons Level 1  
  83  6:10  Overlord  
  83  6:11  Overlord x4, Extractor x2  
  82  6:15  Drone x3  
  84  6:22  Hydralisk Den  
  84  6:25  Drone x6  
  88  6:30  Centrifugal Hooks  
  88  6:31  Zergling x10  
  93  6:36  Zergling x4  
  93  6:39  Zergling x4  
  97  6:43  Zergling x4  
  99  6:49  Zergling x6  
  99  6:51  Hydralisk x2, Muscular Augments  
  99  6:52  Hydralisk x2  
  99  6:53  Hydralisk  
  112  6:56  Hydralisk  
  112  7:00  Zergling x12  
  118  7:04  Hydralisk x2  
  118  7:05  Zergling x2  
  120  7:15  Hydralisk x4  
  115  7:16  Zergling x4  
  124  7:23  Zergling x20  
  124  7:27  Hydralisk x2  
  124  7:28  Zergling x4  
  140  7:30  Overlord  
  140  7:36  Zergling x4  
  141  7:48  Overlord x2  
  141  7:50  Zergling x16  
  149  7:51  Baneling x18  
  149  7:52  Baneling  
  149  7:53  Baneling  
  149  8:01  Baneling x4  
  149  8:03  Overlord x3  
  149  8:08  Zergling x20  
  153  8:14  Zergling x12  
  150  8:24  Zergling x24  
  145  8:33  Zergling x12  
  137  8:43  Grooved Spines  
  137  8:46  Baneling x25  
  135  8:48  Zergling x2  
  135  8:49  Zergling x8  
  135  8:51  Baneling x3  
  140  8:56  Zergling x10  
  140  8:59  Zergling x8  
  140  9:13  Zergling x28  
  140  9:16  Zergling x6  
  136  9:24  Hydralisk x5  
  132  9:33  Queen  
  132  9:35  Zergling x16  
  127  9:41  Baneling x15  
  127  9:42  Baneling  
  127  9:44  Baneling x5  
  127  9:45  Baneling  
  127  9:50  Zergling x12  
  133  9:53  Zergling x4  
  133  9:59  Zergling x8  
  139  10:02  Baneling x12  
  133  10:13  Zergling x22  
  129  10:15  Zergling x2  
  129  10:16  Baneling x5  
  129  10:17  Baneling x2  
  125  10:26  Baneling  
  125  10:27  Baneling x7  
  123  10:30  Hatchery  
  123  10:33  Zergling x16  
  130  10:41  Zergling x18  
  130  10:48  Zerg Melee Weapons Level 2  
  130  10:49  Zerg Missile Weapons Level 1, Infestation Pit  
  129  10:52  Drone  
  129  10:55  Drone  
  129  10:56  Extractor x2, Drone  
  130  11:00  Drone x3  
  131  11:10  Zergling x6  
  131  11:11  Zergling x24  
  131  11:21  Lurker Den, Drone x2  
  131  11:23  Drone x3  
  132  11:28  Baneling  
  132  11:29  Baneling x11  
  132  11:36  Hydralisk x2  
  132  11:39  Hive  
  133  12:04  Overlord, Hydralisk x5  
  133  12:05  Zergling x28  
  157  12:10  Overseer  
  157  12:11  Pneumatized Carapace  
  157  12:14  Hydralisk x2  
  161  12:21  Lurker x3  
  163  12:48  Hydralisk x4  
  163  12:51  Extractor x2, Seismic Spines  
  167  12:55  Lurker x5  
  167  12:56  Lurker  
  168  13:07  Drone  
  168  13:08  Drone x3  
  168  13:09  Drone x2  
  168  13:10  Adrenal Glands  
  168  13:12  Zerg Missile Weapons Level 2  
  173  13:28  Baneling  
  173  13:29  Baneling x3  
  173  13:30  Lurker  
  173  13:31  Zergling x16, Lurker x2  
  173  13:32  Zergling x30  
  189  13:42  Zergling x2  
  184  13:51  Baneling x9  
  184  13:54  Adaptive Talons  
  184  13:55  Zerg Ground Armor Level 2  
  184  14:03  Hydralisk x5  
  184  14:04  Zergling x12  
  195  14:10  Baneling x2  
  195  14:11  Zergling x14, Baneling  
  192  14:17  Lurker  
  192  14:18  Lurker  
  186  14:27  Hydralisk x6  
  196  14:42  Lurker x3  
  196  14:44  Zergling x2  
  198  15:12  Hydralisk x3  
  198  15:13  Hydralisk x5, Zergling x12  
  198  15:19  Zergling x14  
  176  15:22  Hydralisk x2  
  176  15:23  Hydralisk  
  174  15:29  Hydralisk x8  
  189  15:46  Hydralisk x5  
  181  15:59  Hydralisk x3  
  181  16:00  Hydralisk x5  
  188  16:06  Hydralisk  
  188  16:07  Hydralisk  
  179  16:14  Hydralisk  
  170  16:55  Lurker  
  170  16:56  Lurker x5  
  176  17:11  Hydralisk x4  
Tags
 
Add a new tag
Caveats
  • Supply blocks, unpowered buildings, or Contaminate may cause inaccurate times.
  • Supply counts are checked every 10 seconds.